[Event "Titled Tuesday Blitz June 27 Late 2023"]
[White "Ibarra Jerez, Jose Carlos"]
[Black "Przybylski, Wojciech"]
[WhiteFideId "2226332"]
[BlackFideId "1117599"]
[WhiteElo "2888"]
[BlackElo "2584"]
[Result "1-0"]
[Round "2"]
[TimeControl "180+2"]
[Date "2023.06.27"]
[WhiteClock "0:00:14"]
[BlackClock "0:00:01"]
[Board "36"]

1. e4 e5 2. Nf3 Nc6 3. Bb5 Nf6 4. O-O Nxe4 5. d4 Nd6 6. dxe5 Nxb5 7. a4 Nbd4 8. Nxd4 d5 9. c3 Nxd4 10. cxd4 Bf5 11. Qb3 Rb8 12. Nc3 c6 13. Bf4 Be6 14. Ne2 Be7 15. Qg3 Kf8 16. Qe3 a5 17. Bg3 Rc8 18. Nf4 Qd7 19. Nh5 Bg4 20. Nf4 Re8 21. h3 Bf5 22. Bh2 h5 23. Ne2 h4 24. Bf4 Rh5 25. Qf3 Bg6 26. Bd2 Bd8 27. Nf4 Rf5 28. Qg4 Bb6 29. Qxh4 Kg8 30. Qg4 Qe7 31. Nxg6 fxg6 32. Qxg6 Ref8 33. Be3 Qb4 34. Qe6+ R5f7 35. Rad1 Qxa4 36. f4 Qb3 37. Bf2 Kh7 38. g3 a4 39. Qg4 Ba5 40. e6 Rf6 41. e7 Rb8 42. e8=Q Rxe8 43. Qh5+ Rh6 44. Qxe8 Qxb2 45. Kg2 a3 46. Rb1 Qc2 47. Rxb7 a2 48. Qf7 Rg6 49. f5 Qe4+ 50. Kh2 Rg5 51. h4 Rg4 52. f6 Qe2 53. fxg7 Rxh4+ 54. gxh4 Bc7+ 55. Rxc7 Qxf2+ 56. Rxf2 a1=Q 57. g8=Q+ Kh6 58. Qff8+ 1-0


[Site "https://www.chess.com"]

[Event "Titled Tuesday Blitz June 27 Late 2023"]
[White "Ballester Llagaria, Luis Eduardo"]
[Black "Hansen, Eric"]
[WhiteFideId "2297620"]
[BlackFideId "2606771"]
[WhiteElo "2580"]
[BlackElo "2885"]
[Result "1-0"]
[Round "2"]
[TimeControl "180+2"]
[Date "2023.06.27"]
[WhiteClock "0:00:48"]
[BlackClock "0:00:05"]
[Board "37"]

1. e4 c6 2. Nc3 d5 3. Nf3 Bg4 4. h3 Bxf3 5. Qxf3 e6 6. d3 Bc5 7. Bd2 Nd7 8. g3 Ne7 9. Bg2 O-O 10. O-O a5 11. a4 Qb6 12. b3 Bb4 13. Rad1 d4 14. Nb1 Qc5 15. Rc1 Bxd2 16. Nxd2 b5 17. Qe2 bxa4 18. bxa4 Nb6 19. Nb3 Qc3 20. Qe1 Qxe1 21. Rfxe1 e5 22. Nc5 Ra7 23. Rb1 Nd7 24. Nxd7 Rxd7 25. Rb6 Ra7 26. Reb1 g5 27. Bf3 Kg7 28. Bg4 Kg6 29. Bf5+ Kg7 30. Rb7 Rfa8 31. Kg2 h5 32. Kf3 Kf6 33. Rxa7 Rxa7 34. Rb6 Kg7 35. g4 h4 36. Ke2 Kf8 37. Kd2 f6 38. c3 Kf7 39. Kc2 Nxf5 40. exf5 dxc3 41. Kxc3 Rc7 42. Kc4 Rd7 43. Rxc6 Rd4+ 44. Kb3 Rxa4 45. Kxa4 1-0


[Site "https://www.chess.com"]

[Event "Titled Tuesday Blitz June 27 Late 2023"]
[White "Mikaelyan, Arman"]
[Black "Sargsyan, Anna M."]
[WhiteFideId "13304852"]
[BlackFideId "13308130"]
[WhiteElo "2881"]
[BlackElo "2580"]
[Result "1-0"]
[Round "2"]
[TimeControl "180+2"]
[Date "2023.06.27"]
[WhiteClock "0:00:07"]
[BlackClock "0:00:03"]
[Board "38"]

1. Nf3 d5 2. d4 Nf6 3. c4 c6 4. Qc2 dxc4 5. Qxc4 Bf5 6. g3 Bxb1 7. Rxb1 Qd5 8. Qxd5 cxd5 9. Ne5 e6 10. Bd2 Bd6 11. Rc1 Nbd7 12. Nxd7 Kxd7 13. Bg2 Rac8 14. O-O Rxc1 15. Rxc1 Rc8 16. Rxc8 Kxc8 17. f3 Nd7 18. Kf2 Kc7 19. h4 Kc6 20. h5 Nb6 21. b3 Na8 22. e3 Nc7 23. Bf1 b5 24. Bd3 g6 25. g4 b4 26. f4 Nb5 27. h6 Bf8 28. g5 Nc3 29. Bxc3 bxc3 30. Ke2 a5 31. Kd1 Bb4 32. Kc2 Kb6 33. Be2 Kc6 34. Bf1 Kb6 35. Bg2 Kc6 36. e4 dxe4 37. Bxe4+ Kd6 38. Bf3 Kc7 39. d5 Kd6 40. dxe6 fxe6 41. Be4 Kd7 42. Bxg6 Bd6 43. f5 Bf4 44. Bxh7 Bxg5 45. Bg8 Bxh6 46. Bxe6+ Ke7 47. Kxc3 Bf4 48. Kc4 Bd2 49. Kb5 Kf6 50. Bc8 Be1 51. Kc4 Bd2 52. Kc5 Be1 53. Kb5 Bd2 54. a3 Bc1 55. Kxa5 Bxa3 56. b4 Bc1 57. b5 Bd2+ 58. Ka6 Bf4 59. Kb7 Ke7 60. Kc6 Be5 61. b6 Kd8 62. Be6 Ke7 63. Kb7 Kd8 64. Ka7 Bd4 65. Ka6 Be5 66. Kb7 Bd4 67. Kc6 Bf6 68. b7 Be5 69. Kb6 Bd4+ 70. Ka6 Kc7 71. f6 Bxf6 72. Ka7 Bd4+ 73. Ka8 Ba7 74. Kxa7 Kd6 75. b8=Q+ 1-0


[Site "https://www.chess.com"]

[Event "Titled Tuesday Blitz June 27 Late 2023"]
[White "Horvath, Dominik"]
[Black "Bayo Milagro, Alvaro"]
[WhiteFideId "1642561"]
[BlackFideId "22275240"]
[WhiteElo "2870"]
[BlackElo "2579"]
[Result "1-0"]
[Round "2"]
[TimeControl "180+2"]
[Date "2023.06.27"]
[WhiteClock "0:01:01"]
[BlackClock "0:00:30"]
[Board "39"]

1. d4 d5 2. Bf4 c5 3. e3 Nc6 4. Nf3 Nf6 5. Nbd2 e6 6. Bb5 Bd6 7. Bxd6 Qxd6 8. O-O O-O 9. c4 cxd4 10. exd4 dxc4 11. Nxc4 Qd5 12. a4 b6 13. Ne3 Qd6 14. Nc4 Qd5 15. Rc1 Bb7 16. Nce5 Rac8 17. Nxc6 Bxc6 18. Bxc6 Rxc6 19. Rxc6 Qxc6 20. Qd2 Rc8 21. a5 h6 22. Ne5 Qd6 23. axb6 axb6 24. h3 Rd8 25. Rd1 Rc8 26. Ra1 Rd8 27. Qc1 Qxd4 28. Nc6 Qd7 29. Nxd8 Qxd8 30. Ra7 Qd4 31. Qc8+ Kh7 32. Qc2+ Ne4 33. Ra4 1-0


[Site "https://www.chess.com"]

[Event "Titled Tuesday Blitz June 27 Late 2023"]
[White "Nefedov, Sergey"]
[Black "Erdogmus, Yagiz Kaan"]
[WhiteFideId "24113417"]
[BlackFideId "44599790"]
[WhiteElo "2575"]
[BlackElo "2866"]
[Result "0-1"]
[Round "2"]
[TimeControl "180+2"]
[Date "2023.06.27"]
[WhiteClock "0:00:00"]
[BlackClock "0:00:10"]
[Board "40"]

1. d4 Nf6 2. Nf3 e6 3. c4 b6 4. a3 d5 5. Nc3 Bb7 6. Bg5 Nbd7 7. e3 Be7 8. cxd5 Nxd5 9. Bxe7 Qxe7 10. Qc2 c5 11. Nxd5 Bxd5 12. dxc5 Rc8 13. b4 bxc5 14. Ba6 Rb8 15. b5 Qf6 16. Rd1 Bxf3 17. gxf3 Qxf3 18. Rg1 Ne5 19. Qxc5 Qf5 20. Kf1 Qh3+ 21. Rg2 Qf3 22. Rd4 Qf5 23. Rxg7 h5 24. b6 Rxb6 25. Qxb6 axb6 26. Be2 Ke7 27. h4 Rc8 28. Rg5 Qh3+ 29. Ke1 Rc1+ 30. Kd2 Rc5 31. Rxh5 Nf3+ 32. Bxf3 Qxf3 33. Rxc5 Qxf2+ 34. Kc3 bxc5 35. Rd3 Qxh4 0-1


[Site "https://www.chess.com"]

[Event "Titled Tuesday Blitz June 27 Late 2023"]
[White "Holt, Conrad"]
[Black "Ezat, Mohamed"]
[WhiteFideId "2034387"]
[BlackFideId "10600906"]
[WhiteElo "2865"]
[BlackElo "2575"]
[Result "1-0"]
[Round "2"]
[TimeControl "180+2"]
[Date "2023.06.27"]
[WhiteClock "0:00:54"]
[BlackClock "0:00:05"]
[Board "41"]

1. d4 Nf6 2. c4 g6 3. Nc3 Bg7 4. e4 O-O 5. Nf3 d6 6. h3 c5 7. d5 b5 8. cxb5 a6 9. a4 Qa5 10. Nd2 axb5 11. Bxb5 Ba6 12. Ra3 Nbd7 13. O-O Rfb8 14. Nc4 Qd8 15. Qc2 Nb6 16. Ne3 Nfd7 17. Bd2 Bxb5 18. axb5 Ne5 19. Rfa1 c4 20. Ra6 Nd3 21. Ncd1 Qe8 22. Nxc4 Nxc4 23. Qxc4 Nxb2 24. Nxb2 Bxb2 25. Rxa8 Rxa8 26. Rb1 Bf6 27. b6 e6 28. b7 Rb8 29. dxe6 fxe6 30. Qc7 Be5 31. Rc1 Kf8 32. Qxb8 Qxb8 33. Rc8+ 1-0


[Site "https://www.chess.com"]

[Event "Titled Tuesday Blitz June 27 Late 2023"]
[White "Ganiev, Roman"]
[Black "Elsa167"]
[WhiteFideId "4131452"]
[WhiteElo "2567"]
[BlackElo "2862"]
[Result "0-1"]
[Round "2"]
[TimeControl "180+2"]
[Date "2023.06.27"]
[WhiteClock "0:00:00"]
[BlackClock "0:00:47"]
[Board "42"]

1. e4 c5 2. Nf3 e6 3. d4 cxd4 4. Nxd4 Nf6 5. Nc3 Nc6 6. Ndb5 Bc5 7. Nd6+ Ke7 8. Bf4 e5 9. Nf5+ Kf8 10. Bg5 d6 11. Be2 h6 12. Bh4 g5 13. Bg3 Nxe4 14. Nxe4 Bxf5 15. Nxc5 dxc5 16. Qc1 Nd4 17. Bd1 Qd5 18. O-O Bxc2 19. Re1 Bxd1 20. Bxe5 Re8 21. f4 f6 22. Qxd1 fxe5 23. fxg5 Kg7 24. Qg4 h5 25. Qh4 Ref8 26. g6 Rf6 27. Rf1 Rxg6 28. Qe7+ Kh6 29. Rf2 Nf5 30. Qc7 Rhg8 31. g3 Nxg3 32. hxg3 Rxg3+ 33. Kf1 Qd3+ 34. Ke1 Re3+ 0-1


[Site "https://www.chess.com"]

[Event "Titled Tuesday Blitz June 27 Late 2023"]
[White "Fantinel, Thibault"]
[Black "Licznerski, Lukasz"]
[WhiteFideId "663395"]
[BlackFideId "1179250"]
[WhiteElo "2566"]
[BlackElo "2856"]
[Result "0-1"]
[Round "2"]
[TimeControl "180+2"]
[Date "2023.06.27"]
[WhiteClock "0:00:00"]
[BlackClock "0:00:05"]
[Board "43"]

1. c4 Nf6 2. g3 g6 3. Bg2 d5 4. Nc3 d4 5. Nd5 Bg7 6. Nxf6+ Bxf6 7. Nf3 O-O 8. d3 c5 9. O-O Nc6 10. a3 a5 11. Bh6 Bg7 12. Bxg7 Kxg7 13. e3 Rb8 14. exd4 Nxd4 15. Nxd4 Qxd4 16. Re1 Be6 17. Qc2 Rfd8 18. Re3 b5 19. cxb5 Rxb5 20. Rc1 Rxb2 21. Qd1 c4 22. Qa4 cxd3 23. Qxa5 Rdb8 24. Bf1 d2 25. Rd1 Bb3 26. Rxd2 Rxd2 0-1


[Site "https://www.chess.com"]

[Event "Titled Tuesday Blitz June 27 Late 2023"]
[White "Pichot, Alan"]
[Black "Ozates, Tuna"]
[WhiteFideId "110973"]
[BlackFideId "6354521"]
[WhiteElo "2854"]
[BlackElo "2565"]
[Result "1-0"]
[Round "2"]
[TimeControl "180+2"]
[Date "2023.06.27"]
[WhiteClock "0:00:09"]
[BlackClock "0:00:03"]
[Board "44"]

1. e4 c5 2. Nf3 Nc6 3. Bb5 g6 4. O-O Bg7 5. Bxc6 dxc6 6. d3 e5 7. a4 Qe7 8. Na3 Nf6 9. Nc4 Nd7 10. Bg5 f6 11. Be3 b6 12. Nfd2 O-O 13. f4 exf4 14. Bxf4 Ne5 15. Bxe5 fxe5 16. Rxf8+ Bxf8 17. Qf3 Bg7 18. Rf1 Bd7 19. Qg3 Re8 20. Nf3 b5 21. axb5 cxb5 22. Ne3 Bc6 23. Nd2 a5 24. Nd5 Qd6 25. c4 b4 26. b3 a4 27. bxa4 Bxa4 28. Ra1 Bc2 29. Ra7 Rf8 30. h3 Qb8 31. Ra6 Qb7 32. Rb6 Qa7 33. Qe3 Qa1+ 34. Kh2 Qd4 35. Rd6 Qxe3 36. Nxe3 Bh6 37. Nxc2 Bxd2 38. Rb6 Rf1 39. Kg3 Bf4+ 40. Kg4 h5+ 41. Kh4 Kg7 42. g3 Bd2 43. g4 hxg4 44. Kxg4 Rf2 45. Na1 Bc3 46. Nb3 Kh6 47. Nxc5 Bd4 48. Rb5 Rb2 49. Ne6 Be3 50. Rb8 Kh7 51. Rb7+ Kh6 52. h4 Rf2 53. Rb8 Kh7 54. Ng5+ Bxg5 55. Kxg5 Rg2+ 56. Kf6 Rb2 57. Kxe5 b3 58. d4 Rb1 59. c5 b2 60. c6 Rc1 61. Rb7+ Kh6 62. Rxb2 Rxc6 63. d5 Rc3 64. d6 Rc8 65. d7 1-0


[Site "https://www.chess.com"]

[Event "Titled Tuesday Blitz June 27 Late 2023"]
[White "David, Bogdan-Emanuel"]
[Black "Hamidi, Amir Mohammad"]
[WhiteFideId "1229907"]
[BlackFideId "12563285"]
[WhiteElo "2562"]
[BlackElo "2841"]
[Result "1/2-1/2"]
[Round "2"]
[TimeControl "180+2"]
[Date "2023.06.27"]
[WhiteClock "0:00:11"]
[BlackClock "0:01:03"]
[Board "45"]

1. e4 e6 2. Qe2 d5 3. exd5 Qxd5 4. Nc3 Qd8 5. Nf3 Nf6 6. g3 b6 7. Bg2 Ba6 8. d3 Bb7 9. O-O Be7 10. d4 O-O 11. Be3 Nbd7 12. Rfd1 a6 13. Ne5 Bxg2 14. Kxg2 Bd6 15. Qf3 b5 16. Ne4 Nxe4 17. Qxe4 Nf6 18. Qf3 Qe8 19. a4 Nd5 20. axb5 axb5 21. h4 f6 22. Nd3 Qc6 23. c3 Rfe8 24. h5 f5 25. Kg1 Rxa1 26. Rxa1 Ra8 27. Rxa8+ Qxa8 28. g4 fxg4 29. Qxg4 Qe8 30. h6 Qg6 31. Qxg6 hxg6 32. hxg7 Kxg7 33. Bd2 Kf6 34. Kg2 Kf5 35. Kf3 g5 36. b3 g4+ 37. Ke2 Nb6 38. Ne1 e5 39. dxe5 Bxe5 40. Nc2 Nd5 41. c4 bxc4 42. bxc4 Nf4+ 43. Bxf4 Bxf4 44. Kd3 Bd6 45. Nd4+ Kf4 46. Ke2 Be5 47. Nb3 Ke4 48. Kd2 Bf6 49. Ke2 Be7 50. Nd2+ Kd4 51. f3 g3 52. Ne4 Bd6 53. Kf1 Kxc4 54. Kg2 Kd3 55. Nxd6 cxd6 56. Kxg3 d5 57. f4 Ke4 58. f5 Kxf5 59. Kf3 d4 60. Ke2 Ke4 61. Kd2 d3 62. Kd1 Kd4 63. Kd2 Kc4 64. Kd1 Kc3 65. Kc1 d2+ 66. Kd1 Kb3 67. Kxd2 1/2-1/2


[Site "https://www.chess.com"]

[Event "Titled Tuesday Blitz June 27 Late 2023"]
[White "Krzyzanowski, Marcin"]
[Black "Ambartsumova, Karina"]
[WhiteFideId "1132199"]
[BlackFideId "4166299"]
[WhiteElo "2840"]
[BlackElo "2561"]
[Result "1-0"]
[Round "2"]
[TimeControl "180+2"]
[Date "2023.06.27"]
[WhiteClock "0:00:06"]
[BlackClock "0:00:00"]
[Board "46"]

1. Nf3 Nf6 2. c4 g6 3. g3 Bg7 4. Bg2 O-O 5. O-O d6 6. Nc3 e5 7. d3 Nc6 8. Rb1 Bg4 9. b4 Re8 10. b5 Nd4 11. e3 Nxf3+ 12. Bxf3 Qd7 13. Re1 Bxf3 14. Qxf3 c6 15. a4 d5 16. Bb2 e4 17. dxe4 Nxe4 18. Nxe4 Rxe4 19. Bxg7 Kxg7 20. bxc6 bxc6 21. cxd5 Qxd5 22. Red1 Qe6 23. a5 Re5 24. Rdc1 Rxa5 25. Rxc6 Qf5 26. Qxf5 Rxf5 27. Ra6 Rf6 28. Ra5 a6 29. Rb7 Rc8 30. Ra2 Ra8 31. Ra5 Rc8 32. Rb2 h5 33. Rba2 Ra8 34. Kg2 Kf8 35. e4 Ke7 36. f4 Rc6 37. R5a4 Kf6 38. h3 Ke6 39. Kf3 Rc3+ 40. Kg2 Rc6 41. R2a3 Kf6 42. Kf3 Ke6 43. g4 hxg4+ 44. hxg4 Kf6 45. g5+ Ke6 46. Kg4 Ke7 47. f5 gxf5+ 48. exf5 f6 49. g6 Kf8 50. Rh3 Kg8 51. Rh7 a5 52. Rb7 Rca6 53. Rb5 Kg7 54. Rb7+ Kg8 55. Rc4 R6a7 56. Rc8+ Rxc8 57. Rxa7 Rc4+ 58. Kh5 Rc5 59. Kh6 Rc8 60. Rxa5 Rd8 61. Ra6 Rf8 62. Ra7 Rd8 63. Rg7+ Kh8 64. Rf7 1-0


[Site "https://www.chess.com"]

[Event "Titled Tuesday Blitz June 27 Late 2023"]
[White "Pinheiro, Iung Alicio de O."]
[Black "Harshavardhan G B"]
[WhiteFideId "2104350"]
[BlackFideId "25059009"]
[WhiteElo "2558"]
[BlackElo "2817"]
[Result "1-0"]
[Round "2"]
[TimeControl "180+2"]
[Date "2023.06.27"]
[WhiteClock "0:00:09"]
[BlackClock "0:00:45"]
[Board "47"]

1. e4 e5 2. Nf3 Nc6 3. Bc4 Nf6 4. Ng5 d5 5. exd5 Nd4 6. Nc3 h6 7. Nge4 Nxe4 8. Nxe4 b5 9. Bf1 Qxd5 10. d3 Bf5 11. c3 Bxe4 12. cxd4 Bxg2 13. Bxg2 Qxg2 14. Rf1 exd4 15. Bd2 O-O-O 16. Qe2 Bd6 17. O-O-O Qd5 18. Kb1 Rhe8 19. Qg4+ Kb7 20. Qxg7 h5 21. Rg1 Re2 22. Rg5 f5 23. Qh7 Rxf2 24. Qxh5 Qe5 25. Bc1 Rxh2 26. Qf3+ Kb8 27. Rxf5 Qe8 28. Qd5 a6 29. Qxd4 Qc6 30. Qc3 Qb7 31. Rf7 Re8 32. Rdf1 Qd5 33. Qb3 Qxb3 34. axb3 Ree2 35. Rg7 Be5 36. Re7 Kb7 37. Rf5 Bd4 38. Rxe2 Rxe2 39. Rf4 Bb6 40. Re4 Rh2 41. Be3 Bxe3 42. Rxe3 Kb6 43. Re5 Ka5 44. Ka2 Rd2 45. Rc5 Kb6 46. Rd5 c6 47. Rd4 Kc7 48. b4 Rh2 49. Kb3 Rh5 50. Kc3 Rg5 51. Re4 Rd5 52. Rh4 Kb6 53. Rh8 Rd7 54. Rh6 Kc7 55. Rg6 Rd6 56. Rg7+ Kb6 57. Rg8 Rd7 58. Rg5 Rc7 59. Rc5 Kb7 60. Rh5 Kb6 61. Rh6 Rd7 62. Rh5 Rd5 63. Rxd5 cxd5 64. Kd4 Kc6 65. Ke5 d4 66. Kxd4 Kd6 67. Ke4 Ke6 68. d4 Kd6 69. d5 Kc7 70. Ke5 Kd7 71. d6 1-0


[Site "https://www.chess.com"]

[Event "Titled Tuesday Blitz June 27 Late 2023"]
[White "Bazeev, German"]
[Black "Delorme, Axel"]
[WhiteFideId "24119350"]
[BlackFideId "632023"]
[WhiteElo "2807"]
[BlackElo "2554"]
[Result "1-0"]
[Round "2"]
[TimeControl "180+2"]
[Date "2023.06.27"]
[WhiteClock "0:00:20"]
[BlackClock "0:00:34"]
[Board "48"]

1. d4 d5 2. Nf3 e6 3. c4 c6 4. Qc2 dxc4 5. e4 b5 6. b3 cxb3 7. axb3 Nf6 8. Bd2 a5 9. Bd3 Na6 10. O-O Nb4 11. Bxb4 Bxb4 12. Ne5 Bb7 13. Nxc6 Bxc6 14. Qxc6+ Ke7 15. Qb7+ Qd7 16. Qxd7+ Nxd7 17. Bxb5 Nf6 18. Rd1 Rac8 19. e5 Nd5 20. Bc4 Rhd8 21. Na3 Bc3 22. Rab1 Nb4 23. Nb5 Nc6 24. Nxc3 Nxd4 25. Kf1 Rc5 26. f4 g5 27. Ne4 Rcc8 28. Nxg5 Nf5 29. Rxd8 Rxd8 30. Ke2 h6 31. Nf3 Rc8 32. Ra1 Rc5 33. g4 Ng7 34. Nd2 h5 35. Ne4 Rc7 36. h3 hxg4 37. hxg4 Ra7 38. Nd6 f6 39. Nc8+ 1-0


[Site "https://www.chess.com"]

[Event "Titled Tuesday Blitz June 27 Late 2023"]
[White "Bjelobrk, Igor"]
[Black "Haydon, David L"]
[WhiteFideId "4300726"]
[BlackFideId "415405"]
[WhiteElo "2553"]
[BlackElo "2802"]
[Result "0-1"]
[Round "2"]
[TimeControl "180+2"]
[Date "2023.06.27"]
[WhiteClock "0:00:02"]
[BlackClock "0:00:44"]
[Board "49"]

1. d4 c6 2. c4 d5 3. Nf3 Nf6 4. Qc2 e6 5. g3 Bd6 6. Nc3 Nbd7 7. e4 dxe4 8. Nxe4 Nxe4 9. Qxe4 Bb4+ 10. Bd2 Qa5 11. a3 Bxd2+ 12. Nxd2 c5 13. O-O-O cxd4 14. Nb3 Qb6 15. Nxd4 O-O 16. Bd3 Nf6 17. Qh4 e5 18. Nb5 Be6 19. Kb1 Rad8 20. c5 Qxc5 21. Bxh7+ Nxh7 22. Rxd8 Qxb5 23. Rhd1 Qb3 24. Rxf8+ Nxf8 25. Rd8 f6 26. Qb4 Qxb4 27. axb4 Kf7 28. b5 Nd7 29. Ra8 Bd5 30. Rxa7 Nb6 31. Kc2 Ke6 32. Kc3 Kd6 33. Kb4 Nc4 34. b3 Nd2 35. Ra3 Nf3 36. h4 Nd4 37. Ka4 Kc5 38. b4+ Kc4 39. Ka5 Nxb5 40. Ra1 Bc6 41. Rc1+ Kd4 42. Rc5 Nc3 43. h5 Ne4 44. Rc2 Kd3 45. Ra2 Nc3 46. Rb2 Kc4 47. Rd2 Nd5 48. b5 Bxb5 49. Rxd5 Kxd5 50. Kxb5 Ke4 51. Kc5 Kf3 52. Kd6 Kg4 53. Ke7 Kxh5 54. Kf7 Kh6 0-1


[Site "https://www.chess.com"]

[Event "Titled Tuesday Blitz June 27 Late 2023"]
[White "Kushko, Dmitriy"]
[Black "Ilkhomi, Jaloliddin"]
[WhiteFideId "14162261"]
[BlackFideId "14700948"]
[WhiteElo "2795"]
[BlackElo "2553"]
[Result "1-0"]
[Round "2"]
[TimeControl "180+2"]
[Date "2023.06.27"]
[WhiteClock "0:00:53"]
[BlackClock "0:00:24"]
[Board "50"]

1. Nf3 Nf6 2. g3 e6 3. Bg2 d5 4. O-O b6 5. c4 Bb7 6. d4 Nbd7 7. Nc3 a6 8. Ne5 Bd6 9. cxd5 exd5 10. Nxd7 Qxd7 11. Qb3 Qe6 12. Bg5 O-O 13. Bxf6 Qxf6 14. Bxd5 c6 15. Qxb6 Rab8 16. Ne4 Qe7 17. Nxd6 cxd5 18. Nxb7 Rxb7 19. Qxa6 Rxb2 20. e3 h5 21. Rfb1 Qb4 22. Rxb2 Qxb2 23. Qf1 h4 24. a4 Ra8 25. a5 h3 26. a6 Ra7 27. Rb1 Qc2 28. Rb8+ Kh7 29. Qxh3+ Kg6 30. Qg4+ Kf6 31. Rb6+ Ke7 32. Qg5+ Ke8 33. Qe5+ Kd7 34. Qd6+ 1-0


[Site "https://www.chess.com"]

[Event "Titled Tuesday Blitz June 27 Late 2023"]
[White "ElDivis"]
[Black "Maksimovic, Bojan"]
[BlackFideId "14408120"]
[WhiteElo "2552"]
[BlackElo "2791"]
[Result "1-0"]
[Round "2"]
[TimeControl "180+2"]
[Date "2023.06.27"]
[WhiteClock "0:00:16"]
[BlackClock "0:00:11"]
[Board "51"]

1. e4 g6 2. d4 Nf6 3. Nc3 d5 4. e5 Ne4 5. Nxe4 dxe4 6. Be3 Bg7 7. Qd2 c5 8. dxc5 Qxd2+ 9. Bxd2 Bxe5 10. O-O-O O-O 11. Ne2 Nc6 12. Nc3 f5 13. Bc4+ Kg7 14. Nd5 Be6 15. Bb3 Bxd5 16. Bxd5 Rfd8 17. Bxc6 bxc6 18. Ba5 Rd4 19. Bc3 Rxd1+ 20. Rxd1 Bxc3 21. bxc3 Kf6 22. Rd7 Rc8 23. Rxa7 f4 24. Kd2 Rd8+ 25. Ke2 Rd5 26. Ra5 g5 27. c4 Rd4 28. Ra4 h5 29. Rb4 g4 30. a4 f3+ 31. gxf3 exf3+ 32. Ke1 Re4+ 33. Kf1 Re2 34. Rb2 e5 35. a5 e4 36. a6 e3 37. fxe3 Rxh2 38. Rb8 Kg7 39. a7 Rh1+ 40. Kf2 Rh2+ 41. Kg3 Rg2+ 42. Kh4 f2 43. a8=Q f1=Q 44. Rg8+ Kh7 45. Rh8+ Kg6 46. Qg8+ Kf5 47. Qf8+ Ke4 48. Qxf1 Rh2+ 49. Kg5 g3 50. Re8# 1-0


[Site "https://www.chess.com"]

[Event "Titled Tuesday Blitz June 27 Late 2023"]
[White "Leitao, Rafael"]
[Black "Bayramov, Zaur"]
[WhiteFideId "2101246"]
[BlackFideId "13405080"]
[WhiteElo "2789"]
[BlackElo "2551"]
[Result "1-0"]
[Round "2"]
[TimeControl "180+2"]
[Date "2023.06.27"]
[WhiteClock "0:00:12"]
[BlackClock "0:00:17"]
[Board "52"]

1. c4 Nf6 2. Nc3 g6 3. g3 Bg7 4. Bg2 O-O 5. d4 d6 6. h3 Nc6 7. Nf3 e5 8. Be3 Re8 9. dxe5 Nxe5 10. Nxe5 Rxe5 11. Bd4 Re8 12. O-O a6 13. Rc1 Rb8 14. b3 c5 15. Bxf6 Bxf6 16. Nd5 Bg7 17. Qd2 b5 18. Rfd1 bxc4 19. Rxc4 Bd7 20. e3 Bb5 21. Rc2 Bc6 22. Nf6+ Qxf6 23. Bxc6 Red8 24. Bd5 h5 25. Rc4 Qe7 26. Rf4 Rf8 27. Qd3 Kh7 28. Qxa6 Qd7 29. Qd3 Be5 30. Rh4 Kh6 31. Qe2 Bf6 32. Rf4 Be5 33. Rf3 Qxh3 34. Bxf7 Kg7 35. Bc4 h4 36. Rxf8 Rxf8 37. Bd5 hxg3 38. f4 Bf6 39. Qg2 Qh4 40. Qh1 Qxh1+ 41. Kxh1 Rh8+ 42. Kg2 Rh2+ 43. Kxg3 Rxa2 44. Bc4 Be7 45. Kf3 Ra7 46. Rg1 Kf6 47. Bd3 Ra3 48. Rxg6+ Kf7 49. Rg2 d5 50. Bc2 Bf6 51. e4 dxe4+ 52. Kxe4 Ra2 53. Kf3 Kf8 54. Re2 Bd4 55. Ke4 Rb2 56. Kd5 Kg7 57. Kc4 Kf6 58. Rg2 Be3 59. f5 Bd4 60. Rg6+ Kf7 61. Be4 Re2 62. Bd5+ Kf8 63. f6 Rc2+ 64. Kb5 Bxf6 65. Rxf6+ Ke7 66. Rf4 Kd6 67. Bc4 Rd2 68. Rf6+ Kc7 69. Kxc5 1-0


[Site "https://www.chess.com"]

[Event "Titled Tuesday Blitz June 27 Late 2023"]
[White "Morefield, Jason"]
[Black "Vaglio Mattey, Emanuel"]
[WhiteFideId "30920825"]
[BlackFideId "6504167"]
[WhiteElo "2765"]
[BlackElo "2550"]
[Result "1-0"]
[Round "2"]
[TimeControl "180+2"]
[Date "2023.06.27"]
[WhiteClock "0:00:27"]
[BlackClock "0:00:10"]
[Board "53"]

1. d4 Nf6 2. c4 e6 3. Nf3 Be7 4. Nc3 d5 5. Bf4 O-O 6. e3 a6 7. c5 a5 8. Bd3 b6 9. cxb6 cxb6 10. Ne5 Ba6 11. Bb5 Bb4 12. Qa4 Ne4 13. Rc1 f6 14. Nd3 e5 15. dxe5 d4 16. Nxb4 axb4 17. Nxe4 Qd5 18. Bxa6 Qxe4 19. Qb3+ Kh8 20. Bc4 fxe5 21. Bd5 Qf5 22. Bxa8 exf4 23. O-O Nd7 24. Qd5 Qg4 25. h3 Qg6 26. Qxd7 f3 27. Bxf3 h5 28. Rc8 Rxc8 29. Qxc8+ Kh7 30. exd4 h4 31. Qc6 Kh6 32. Qxg6+ Kxg6 33. b3 1-0


[Site "https://www.chess.com"]

[Event "Titled Tuesday Blitz June 27 Late 2023"]
[White "Ljukin, Sergei"]
[Black "Milikow, Yoav"]
[WhiteFideId "14102200"]
[BlackFideId "2822237"]
[WhiteElo "2547"]
[BlackElo "2765"]
[Result "0-1"]
[Round "2"]
[TimeControl "180+2"]
[Date "2023.06.27"]
[WhiteClock "0:00:02"]
[BlackClock "0:00:08"]
[Board "54"]

1. e4 e5 2. Nf3 Nf6 3. Nxe5 d6 4. Nf3 Nxe4 5. d3 Nf6 6. d4 g6 7. c4 Bg7 8. Bd3 O-O 9. O-O c5 10. d5 Re8 11. h3 Ne4 12. Re1 f5 13. Nbd2 Nf6 14. Rxe8+ Nxe8 15. Nf1 Na6 16. Bg5 Bf6 17. Qd2 Bd7 18. Re1 Ng7 19. h4 Qf8 20. Ng3 Re8 21. Rxe8 Nxe8 22. h5 Qe7 23. hxg6 hxg6 24. a3 Qg7 25. Bxf6 Nxf6 26. Ng5 Qe7 27. Ne2 Ng4 28. Nh3 Ne5 29. Nef4 Be8 30. Ne6 Nc7 31. Nhg5 Nxe6 32. dxe6 Nxd3 33. Qxd3 Qxg5 34. Qxd6 Bc6 35. Qb8+ Kg7 36. Qc7+ Kh6 37. Qh2+ Qh5 38. Qf4+ g5 39. Qxf5 Qd1+ 40. Kh2 Qd6+ 41. Kg1 Qf4 42. Qh3+ Kg7 43. e7 Qc1+ 44. Kh2 Qf4+ 45. Kg1 Qe4 46. Qh5 Qxg2# 0-1


[Site "https://www.chess.com"]

[Event "Titled Tuesday Blitz June 27 Late 2023"]
[White "Tristan, Leonardo"]
[Black "Nasir, Zehn"]
[WhiteFideId "113816"]
[BlackFideId "2613239"]
[WhiteElo "2764"]
[BlackElo "2547"]
[Result "1-0"]
[Round "2"]
[TimeControl "180+2"]
[Date "2023.06.27"]
[WhiteClock "0:00:14"]
[BlackClock "0:00:01"]
[Board "55"]

1. d4 Nf6 2. Nf3 d5 3. Bf4 c5 4. e3 Nc6 5. Nbd2 Bg4 6. c3 e6 7. Qb3 Qb6 8. Qxb6 axb6 9. Bb5 Bxf3 10. Nxf3 Be7 11. Ne5 Rc8 12. Nxc6 bxc6 13. Ba6 Rd8 14. a4 Bd6 15. Bxd6 Rxd6 16. a5 bxa5 17. dxc5 Rd7 18. Rxa5 Ne4 19. f3 Nf6 20. Bc8 Rc7 21. Bxe6 O-O 22. Bf5 Rb8 23. b4 g6 24. Bd3 Re7 25. Kd2 Rbe8 26. Re1 Nh5 27. Ra6 Re6 28. c4 dxc4 29. Bxc4 Rf6 30. b5 Rd8+ 31. Kc3 cxb5 32. Rxf6 Nxf6 33. Bxb5 Nd5+ 34. Kc4 Nc7 35. Bc6 Rd2 36. Be4 Rxg2 37. c6 Rxh2 38. Kc5 f5 39. Bd5+ Kf8 40. Kd6 Nb5+ 41. Kd7 Rd2 42. e4 Rc2 43. Rb1 Na7 44. c7 fxe4 45. fxe4 Rc5 46. Rb7 1-0


[Site "https://www.chess.com"]

[Event "Titled Tuesday Blitz June 27 Late 2023"]
[White "Golubev, Mikhail"]
[Black "Cruz, Jonathan"]
[WhiteFideId "14100983"]
[BlackFideId "3802124"]
[WhiteElo "2544"]
[BlackElo "2763"]
[Result "0-1"]
[Round "2"]
[TimeControl "180+2"]
[Date "2023.06.27"]
[WhiteClock "0:00:00"]
[BlackClock "0:00:02"]
[Board "56"]

1. e4 e5 2. Nf3 Nc6 3. Bc4 Be7 4. d4 exd4 5. Nxd4 Nf6 6. Nc3 O-O 7. O-O d6 8. h3 Nxd4 9. Qxd4 Be6 10. Bb3 Kh8 11. Bg5 Nd7 12. Bxe7 Qxe7 13. f4 Bxb3 14. axb3 Nb6 15. Rae1 Rae8 16. Kh2 a6 17. e5 dxe5 18. Rxe5 Qf6 19. Ne4 Qc6 20. Rf2 f6 21. Rxe8 Rxe8 22. Nc3 h6 23. Rd2 Kh7 24. Qd3+ Kh8 25. Qd4 Kh7 26. Qd3+ Kg8 27. Qd4 Qe6 28. Nd5 Nxd5 29. Qxd5 Qxd5 30. Rxd5 Re2 31. Rc5 c6 32. Kg3 Kf7 33. Kf3 Rd2 34. Rc3 f5 35. g4 g6 36. gxf5 gxf5 37. Rc5 Kf6 38. Kg3 Re2 39. Kf3 Rd2 40. Kg3 Rd4 41. Kf3 Re4 42. Rc3 Re1 43. Re3 Rc1 44. Re2 Rg1 45. Rg2 Rb1 46. c3 Rd1 47. Re2 h5 48. b4 h4 49. Rg2 Rd3+ 50. Kf2 Rxh3 51. Rg8 Rh2+ 52. Kf3 Rxb2 53. Rh8 Rb3 54. Rh6+ Kg7 55. Rxh4 Rxc3+ 56. Ke2 Rc4 57. Rh5 Rxf4 58. Ke3 Rxb4 59. Rxf5 Rb5 60. Rf1 a5 61. Kd4 Kg6 62. Kc4 a4 63. Ra1 Ra5 64. Kb4 Ra6 65. Kc5 Kf5 66. Kd6 Ke4 67. Kc7 c5 68. Kxb7 Rd6 0-1


[Site "https://www.chess.com"]